Map: Port Aleksander LE

Players

ShoWTimE - Winner!

  • Race: Protoss Protoss
  • League: Grandmaster
  • Spawn Location: 5:00

DnS

  • Race: Protoss Protoss
  • Spawn Location: 11:00

Event: 2019 WCS Winter Europe

VOD

Have the link to the VOD?

Description

Time

  • Played on: Feb. 16, 2019, 11:06 a.m.
  • Length: 8:54

All games in this series

Show
View Real Time Build Order
Export as new Build Order

ShoWTimE Protoss - Winner!

Build Orders: Phoenix Opening, Mass Phoenix 

Get SALT Encoding   

  12  0:01  Probe  
  13  0:13  Probe  
  14  0:17  Pylon  
  14  0:24  Probe  
  15  0:32  Probe  
  15  0:37  Gateway  
  15  0:40  Probe  
  16  0:47  Assimilator  
  17  0:50  Probe  
  17  0:56  Assimilator  
  18  0:59  Probe  
  19  1:07  Probe  
  20  1:13  Gateway  
  20  1:17  Probe  
  21  1:26  Cybernetics Core  
  21  1:30  Probe  
  22  1:37  Pylon  
  22  1:42  Probe  
  23  1:55  Probe  
  24  2:02  Stalker  
  24  2:03  Sentry, Warp Gate  
  28  2:11  Pylon  
  28  2:27  Pylon  
  28  2:33  Stargate  
  28  2:34  Probe  
  28  2:36  Phoenix  
  29  2:50  Nexus  
  29  2:59  Stalker  
  32  3:05  Probe  
  34  3:13  Phoenix  
  37  3:22  Probe  
  35  3:28  Pylon  
  35  3:34  Probe  
  35  3:39  Phoenix  
  38  3:42  Assimilator, Probe  
  39  3:50  Probe  
  38  3:57  Phoenix  
  38  4:01  Probe  
  39  4:02  Probe  
  41  4:10  Stalker  
  41  4:16  Phoenix, Stalker  
  47  4:39  Stalker x2  
  51  4:47  Pylon  
  51  4:49  Phoenix  
  53  5:06  Shield Battery  
  53  5:07  Shield Battery  
  53  5:08  Stalker  
  53  5:11  Stalker  
  51  5:32  Phoenix, Zealot  
  43  5:45  Probe x2  
  43  5:49  Phoenix  
  41  5:57  Probe x2  
  45  6:05  Pylon  
  45  6:09  Probe x2  
  47  6:14  Phoenix  
  47  6:18  Probe x2  
  49  6:20  Assimilator  
  51  6:26  Probe x2  
  51  6:27  Pylon  
  51  6:28  Twilight Council  
  53  6:33  Shield Battery  
  53  6:36  Probe  
  53  6:39  Phoenix  
  56  6:41  Probe  
  56  6:46  Stalker  
  59  6:53  Shield Battery  
  59  7:00  Probe  
  60  7:04  Phoenix, Dark Shrine  
  62  7:08  Probe  
  62  7:12  Pylon  
  63  7:19  Pylon  
  63  7:21  Robotics Facility  
  63  7:25  Phoenix  
  63  7:35  Sentry  
  63  7:36  Pylon  
  67  7:40  Gateway  
  67  7:45  Gateway  
  67  8:06  Nexus  
  67  8:09  Observer  
  67  8:11  Pylon  
  68  8:18  Dark Templar  
  70  8:20  Dark Templar  
  70  8:25  Shield Battery  
  72  8:30  Shield Battery  
  72  8:34  Dark Templar  
  72  8:38  Pylon  
  72  8:41  Dark Templar  
Show
View Real Time Build Order
Export as new Build Order

DnS Protoss 

Build Orders: Phoenix Opening 

Get SALT Encoding   

  12  0:00  Probe  
  13  0:12  Probe  
  14  0:18  Pylon  
  14  0:24  Probe  
  15  0:32  Probe  
  15  0:39  Gateway  
  15  0:40  Probe  
  16  0:48  Assimilator  
  17  0:51  Probe  
  17  0:56  Assimilator  
  18  1:00  Probe  
  19  1:08  Probe  
  19  1:09  Gateway  
  19  1:17  Probe  
  21  1:26  Cybernetics Core  
  21  1:29  Probe  
  22  1:37  Pylon  
  22  1:41  Probe  
  23  1:55  Probe  
  24  2:02  Stalker, Warp Gate, Sentry  
  28  2:11  Pylon  
  28  2:30  Stargate  
  28  2:38  Adept  
  28  2:41  Adept  
  31  2:58  Nexus  
  31  3:01  Probe  
  32  3:07  Phoenix  
  32  3:13  Probe  
  35  3:25  Probe  
  36  3:32  Phoenix  
  38  3:34  Probe  
  38  3:35  Pylon  
  39  3:50  Probe  
  40  4:02  Phoenix, Probe  
  39  4:07  Assimilator  
  39  4:10  Stargate  
  39  4:11  Probe  
  39  4:14  Probe  
  41  4:20  Stalker x2, Probe  
  42  4:26  Probe  
  42  4:29  Probe  
  42  4:30  Stalker  
  46  4:38  Stalker, Probe  
  46  4:39  Phoenix  
  46  4:41  Shield Battery  
  51  4:53  Probe x2  
  51  4:54  Stalker  
  55  5:02  Stalker  
  55  5:05  Probe x2  
  59  5:07  Phoenix  
  61  5:21  Stalker  
  61  5:27  Stalker  
  51  5:39  Phoenix, Probe  
  51  5:41  Probe  
  47  5:51  Probe  
  47  5:52  Probe  
  47  5:56  Phoenix  
  49  6:00  Probe  
  49  6:02  Stargate  
  49  6:03  Probe  
  50  6:08  Probe  
  51  6:16  Probe  
  53  6:18  Probe  
  53  6:21  Phoenix  
  53  6:25  Sentry  
  58  6:26  Assimilator, Probe  
  58  6:28  Probe  
  58  6:30  Pylon  
  60  6:34  Probe  
  61  6:40  Probe  
  61  6:41  Phoenix  
  61  6:42  Pylon  
  62  6:48  Phoenix  
  62  6:49  Probe  
  68  6:54  Pylon  
  67  7:04  Fleet Beacon  
  67  7:10  Phoenix  
  67  7:13  Probe  
  70  7:17  Phoenix  
  72  7:27  Anion Pulse-Crystals  
  72  7:32  Nexus  
  72  7:40  Probe x2  
  74  7:45  Phoenix  
  74  7:51  Phoenix  
  78  7:53  Probe  
  78  7:55  Probe  
  80  8:01  Pylon  
  80  8:10  Phoenix  
  82  8:13  Probe x2  
  82  8:15  Phoenix  
  82  8:18  Assimilator  
  86  8:21  Assimilator  
  86  8:25  Probe x2  
  88  8:32  Stargate  
  88  8:37  Probe x2  
Tags
 
Add a new tag
Caveats
  • Supply blocks, unpowered buildings, or Contaminate may cause inaccurate times.
  • Supply counts are checked every 10 seconds.